 Dungeon Crawl Stone Soup version 0.18.1-5-g4a78601 (webtiles) character file.

8110 Gargoyl the Protected (level 11, -4/84 HPs)
             Began as a Demonspawn Abyssal Knight on May 14, 2016.
             Was a High Priest of Lugonu.
             Slain by a cyclops (14 damage)
             ... on level 9 of the Dungeon.
             The game lasted 00:22:50 (10600 turns).

Gargoyl the Protected (Demonspawn Abyssal Knight)  Turns: 10600, Time: 00:22:50

Health: -4/84      AC: 14    Str: 15    XL:     11   Next: 5%
Magic:  0/14       EV: 13    Int: 13    God:    Lugonu [*****.]
Gold:   155        SH:  0    Dex: 14    Spells: 0 memorised, 10 levels left

rFire  . . .     SeeInvis .     x - +3 war axe (chop)
rCold  . . .     Gourm    .     C - +1 chain mail {MR+}
rNeg   . . .     Faith    .     (no shield)
rPois  .         Spirit   +     (helmet restricted)
rElec  .         Dismiss  .     i - +0 cloak
rCorr  .         Reflect  .     (no gloves)
SustAt .         Harm     .     (no boots)
MR     +....                    (no amulet)
Stlth  ..........               (no ring)
                                D - ring of stealth

@: repel missiles, somewhat resistant to hostile enchantments, extremely
unstealthy
A: horns 2, repulsion field 3, spiny 1, magic shield, magic regeneration
a: Depart the Abyss, Bend Space, Banish, Corrupt, Enter the Abyss, Renounce
Religion


You were on level 9 of the Dungeon.
You worshipped Lugonu.
Lugonu was extremely pleased with you.
You were not hungry.

You visited 1 branch of the dungeon, and saw 9 of its levels.
You visited the Abyss 1 time.

You collected 523 gold pieces.
You spent 368 gold pieces at shops.

Inventory:

Hand Weapons
 d - a +0 great mace
 o - the +7 spear of the Final Chapter {vamp, -Tele rF+ rN+}
   (You bought it in a shop on level 5 of the Dungeon)

   It inflicts no extra harm, but heals its wielder somewhat when it strikes a
   living foe.
   It protects you from fire.
   It protects you from negative energy.
   It prevents most forms of teleportation.
 u - a +1 flail of protection
 x - a +3 war axe of chopping (weapon)
Missiles
 q - 6 tomahawks (quivered)
 F - 6 tomahawks of returning
Armour
 i - a +0 cloak (worn)
 C - a +1 chain mail of magic resistance (worn)
Jewellery
 D - a ring of stealth (left hand)
Wands
 b - a wand of disintegration (24/24)
 n - a wand of confusion (34/48)
 r - a wand of lightning (9/15)
 w - a wand of flame (29/48)
 y - a wand of slowing (22/48)
 B - a wand of lightning (5/15)
Scrolls
 a - 2 scrolls of magic mapping
 e - 3 scrolls of teleportation
 k - a scroll of fog
 l - a scroll of blinking
 p - 5 scrolls of identify
 s - 6 scrolls of remove curse
Potions
 g - 4 potions of curing
 j - 3 potions of magic
 m - 3 potions of heal wounds
 A - a potion of lignification
 G - a potion of agility {unknown}
Books
 t - a book of Summonings

   Spells                             Type                      Level
   a - Recall                         Summoning/Translocation      3
   b - Aura of Abjuration             Summoning                    5
   c - Summon Demon                   Summoning                    5
   d - Summon Forest                  Summoning/Translocation      5
   e - Summon Mana Viper              Hexes/Summoning              5
   f - Shadow Creatures               Summoning                    6
 E - a book of Changes

   Spells                             Type                      Level
   a - Beastly Appendage              Transmutation                1
   b - Sticks to Snakes               Transmutation                2
   c - Spider Form                    Transmutation/Poison         3
   d - Ice Form                       Ice/Transmutation            4
   e - Blade Hands                    Transmutation                5
Comestibles
 c - 5 bread rations
 f - 3 meat rations
 h - 9 royal jellies
 v - 6 beef jerkies
 z - 3 slices of pizza


   Skills:
 + Level 7.1 Fighting
 + Level 6.7 Axes
 * Level 10.8 Armour
 + Level 6.0 Dodging
 + Level 3.6 Stealth
 + Level 4.2 Invocations
 + Level 1.0 Evocations


You had 10 spell levels left.
You didn't know any spells.

Dungeon Overview and Level Annotations

Branches:
Dungeon (9/15)             Temple (0/1) D:7            Lair (0/8) D:8
    Orc: D:9-12

Altars:
Dithmenos
Elyvilon
Kikubaaqudgha
Pakellas
Ru
Xom
Zin

Shops:
D:5 (   D:7 *   D:9 !


Innate Abilities, Weirdness & Mutations

You have a pair of horns on your head.
You are surrounded by a strong repulsion field (EV +4, rMsl).
You are partially covered in sharp spines.
When hurt, damage is shared between your health and your magic reserves.
You regenerate magic rapidly.


Message History

The sheep is struck by your spines. The sheep bites you.
The cyclops is struck by your spines. The cyclops hits you!!
The sheep bites you.
You slash the sheep!
You kill the sheep!
Lugonu accepts your kill.
You hit the cyclops but do no damage.
The cyclops is severely wounded.
You hit the sheep.
You kill the sheep!
Lugonu accepts your kill.
The cyclops hits you but does no damage.
You barely miss the cyclops.
The cyclops is severely wounded.
The cyclops is struck by your spines. The cyclops hits you!!
* * * LOW HITPOINT WARNING * * *
You hit the cyclops. You headbutt the cyclops.
The cyclops is almost dead.
The cyclops is struck by your spines. The cyclops hits you!
You die...

#..# #..####..#####.. #..#
#...(........... #..#
#............... #..#
#........#####.. #..# #........#
#.. #..# #........# #..
########..########........#####..
................†C...<...........
............((.(@†<(.............
######..######(.####........#####
#..# #..# #........# #..# #..#
#........# #..# #..# #........#
#..# #..# #........# #..# #..#
#........# #..# #..# #........#
#### #### ##########


You could see a cyclops.

Vanquished Creatures
  The ghost of Ge0ff the Fighter, a novice FoSk of Zin (D:9)
  The ghost of volde25 the Cleaver, a novice DDFi of Elyvilon (D:8)
  Joseph (D:8)
  Eustachio (D:4)
  7 yaks (D:9)
  2 wyverns (D:8)
  2 hippogriffs (D:9)
  Menkaure (D:4)
  A soldier ant (D:8)
  3 orc warriors
  A sky beast (D:6)
  2 necrophages (D:8)
  2 black bears (D:9)
  2 ice beasts
  6 ogres
  2 phantoms
  2 wasps (D:8)
  7 centaurs
  6 giant frogs
  A big kobold (D:8)
  3 scorpions
  3 killer bees (D:9)
  2 crimson imps
  3 hounds
  7 orc priests
  3 jellies
  15 orc wizards
  2 giant frog skeletons
  An iguana (D:6)
  7 worker ants
  3 sheep (D:9)
  2 hound zombies
  2 hound skeletons
  A worker ant zombie (D:8)
  12 adders
  A howler monkey skeleton (D:8)
  2 shadow imps
  3 oozes
  3 adder zombies
  3 worms (D:2)
  2 dart slugs
  6 giant geckos
  31 orcs
  8 giant cockroaches
  10 goblins
  7 hobgoblins
  17 jackals
  6 quokkas
  A ball python (D:5)
  2 bats
  2 giant newts
  14 kobolds
  A quokka skeleton (D:5)
  A quokka zombie (D:8)
  3 rats
240 creatures vanquished.

Vanquished Creatures (others)
  An orc warrior (D:4)
  An orc wizard (D:8)
  3 fungi (D:8)
5 creatures vanquished.

Grand Total: 245 creatures vanquished

Notes
Turn   | Place    | Note
--------------------------------------------------------------
     0 | Abyss:1  | Gargoyl the Demonspawn Abyssal Knight began the quest for the Orb.
     0 | Abyss:1  | Reached XP level 1. HP: 18/18 MP: 2/2
    26 | Abyss:2  | Noticed a small abomination
    29 | D:1      | Escaped the Abyss
    80 | D:1      | Reached * piety under Lugonu
   276 | D:1      | Gained mutation: You are surrounded by a mild repulsion field (EV +2). [demonic ancestry]
   276 | D:1      | Reached XP level 2. HP: 21/24 MP: 4/4
   846 | D:1      | Reached skill level 2 in Armour
  1055 | D:2      | Reached skill level 1 in Dodging
  1071 | D:2      | Gained mutation: You are partially covered in sharp spines. [demonic ancestry]
  1071 | D:2      | Reached XP level 3. HP: 29/29 MP: 5/5
  1458 | D:2      | Reached ** piety under Lugonu
  1544 | D:2      | Gained mutation: You are surrounded by a moderate repulsion field (EV +3). [demonic ancestry]
  1544 | D:2      | Reached XP level 4. HP: 36/37 MP: 6/6
  1696 | D:3      | Reached skill level 3 in Armour
  1696 | D:3      | Reached XP level 5. HP: 14/42 MP: 7/7
  2214 | D:3      | Found an oddly glowing altar of Pakellas.
  2272 | D:3      | Reached *** piety under Lugonu
  2649 | D:4      | Noticed Menkaure
  2658 | D:4      | Killed Menkaure
  2658 | D:4      | Reached XP level 6. HP: 16/48 MP: 8/8
  2911 | D:4      | Noticed an orc warrior
  3305 | D:4      | Banished an orc warrior
  3305 | D:4      | Reached skill level 4 in Armour
  3305 | D:4      | Reached skill level 1 in Stealth
  3590 | D:4      | Gained mutation: When hurt, damage is shared between your health and your magic reserves. [demonic ancestry]
  3590 | D:4      | Reached XP level 7. HP: 35/54 MP: 9/9
  3721 | D:4      | Noticed Eustachio
  3738 | D:4      | Killed Eustachio
  3738 | D:4      | Reached skill level 5 in Armour
  4228 | D:5      | Entered Level 5 of the Dungeon
  4258 | D:5      | Noticed an angel
  4259 | D:5      | Found a glowing silver altar of Zin.
  4407 | D:5      | Reached skill level 6 in Armour
  4407 | D:5      | Gained mutation: You regenerate magic rapidly. [demonic ancestry]
  4407 | D:5      | Reached XP level 8. HP: 28/61 MP: 8/11
  4572 | D:5      | Found a shimmering altar of Xom.
  4642 | D:5      | Found Noiciopp's Antique Weapon Emporium.
  4680 | D:5      | Bought a glowing war axe for 80 gold pieces
  4684 | D:5      | Bought a twisted spear for 184 gold pieces
  4688 | D:5      | Identified the +7 spear of the Final Chapter {vamp, -Tele rF+ rN+} (You bought it in a shop on level 5 of the Dungeon)
  4811 | D:5      | Found a sacrificial altar of Ru.
  5309 | D:6      | Reached **** piety under Lugonu
  5316 | D:6      | Reached skill level 7 in Armour
  5614 | D:6      | Reached skill level 5 in Fighting
  6006 | D:6      | Found a shadowy altar of Dithmenos.
  6043 | D:6      | Found an ancient bone altar of Kikubaaqudgha.
  6138 | D:7      | Gained mutation: You are surrounded by a strong repulsion field (EV +4, rMsl). [demonic ancestry]
  6138 | D:7      | Reached XP level 9. HP: 68/68 MP: 12/12
  6427 | D:7      | Found Viteil's General Store.
  6456 | D:7      | Found a staircase to the Ecumenical Temple.
  6956 | D:7      | Reached skill level 8 in Armour
  7093 | D:8      | Reached ***** piety under Lugonu
  7129 | D:8      | Found a white marble altar of Elyvilon.
  7129 | D:8      | Noticed Joseph
  7137 | D:8      | Gained mutation: Your system is resistant to poisons. [potion of mutation]
  7137 | D:8      | Gained mutation: You are clumsy. (Dex -2) [potion of mutation]
  7137 | D:8      | Gained mutation: You tend to lose your temper in combat. [potion of mutation]
  7146 | D:8      | Killed Joseph
  7146 | D:8      | Reached skill level 5 in Axes
  7146 | D:8      | Reached skill level 5 in Dodging
  7149 | D:8      | Gained mutation: Your muscles are strong. (Str +2) [potion of mutation]
  7149 | D:8      | Gained mutation: You are very clumsy. (Dex -4) [potion of mutation]
  7150 | D:8      | Gained mutation: You evolve. [potion of mutation]
  7150 | D:8      | Gained mutation: You are frail (-10% HP). [potion of mutation]
  7151 | D:8      | Gained mutation: Your flesh is cold resistant. [potion of mutation]
  7151 | D:8      | Gained mutation: Your magical capacity is low (-10% MP). [potion of mutation]
  7157 | D:8      | Lost mutation: Your magical capacity is low (-10% MP). [potion of cure mutation]
  7157 | D:8      | Lost mutation: Your muscles are strong. (Str +2) [potion of cure mutation]
  7157 | D:8      | Lost mutation: You are frail (-10% HP). [potion of cure mutation]
  7157 | D:8      | Lost mutation: You tend to lose your temper in combat. [potion of cure mutation]
  7157 | D:8      | Lost mutation: You evolve. [potion of cure mutation]
  7157 | D:8      | Lost mutation: You are very clumsy. (Dex -4) [potion of cure mutation]
  7566 | D:8      | Found a staircase to the Lair.
  7592 | D:8      | Noticed volde25's ghost (novice DDFi)
  8002 | D:9      | Lost mutation: Your system is resistant to poisons. [potion of cure mutation]
  8002 | D:9      | Lost mutation: You are clumsy. (Dex -2) [potion of cure mutation]
  8002 | D:9      | Lost mutation: Your flesh is cold resistant. [potion of cure mutation]
  8028 | D:8      | Killed volde25's ghost
  8028 | D:8      | Reached skill level 9 in Armour
  8028 | D:8      | Gained mutation: You have a pair of small horns on your head. [demonic ancestry]
  8028 | D:8      | Reached XP level 10. HP: 28/76 MP: 5/13
  9056 | D:9      | Noticed Ge0ff's ghost (novice FoSk)
  9084 | D:9      | Killed Ge0ff's ghost
  9084 | D:9      | Reached skill level 10 in Armour
  9211 | D:9      | Reached skill level 1 in Evocations
  9513 | D:9      | Found Guveerec's Distillery.
  9526 | D:9      | Bought a potion of heal wounds for 65 gold pieces
  9526 | D:9      | Bought a potion of curing for 39 gold pieces
 10257 | D:9      | Gained mutation: You have a pair of horns on your head. [demonic ancestry]
 10257 | D:9      | Reached XP level 11. HP: 61/84 MP: 9/14
 10600 | D:9      | Slain by a cyclops

Skill      XL: |  1  2  3  4  5  6  7  8  9 10 11 |
---------------+----------------------------------+-----
Axes           | 2 3 4 5 6 |  6.7
Armour         | 2 3 4 6 7 9 10 | 10.8
Dodging        | 1 2 3 4 5 6 |  6.0
Fighting       | 4 5 6 7 |  7.1
Stealth        | 1 2 3 |  3.6
Invocations    | 3 4 |  4.2
Evocations     | 1 |  1.0

Action                   |  1- 3 |  4- 6 |  7- 9 | 10-12 || total
-------------------------+-------+-------+-------+-------++-------
Melee: Hand axe          |    81 |     4 |       |       ||    85
       Great mace        |     7 |       |       |       ||     7
       War axe           |       |    53 |   299 |   159 ||   511
       Headbutt          |       |       |       |    30 ||    30
Throw: Tomahawk          |       |     3 |     6 |       ||     9
Invok: Depart the Abyss  |     1 |       |       |       ||     1
       Banish            |       |     2 |       |       ||     2
Evoke: Wand              |       |       |     5 |       ||     5
  Use: Potion            |       |     2 |    14 |       ||    16
       Scroll            |       |       |    10 |     6 ||    16
 Stab: Sleeping          |       |       |     2 |       ||     2
  Eat: Chunk             |     2 |     3 |    14 |     4 ||    23
       Royal jelly       |       |     1 |     1 |       ||     2
       Beef jerky        |       |     1 |       |       ||     1
       Fruit             |       |       |       |     3 ||     3
       Pizza             |       |       |       |     1 ||     1
Armor: Leather armour    |    11 |       |       |       ||    11
       Scale mail        |    22 |    16 |    75 |       ||   113
       Chain mail        |       |       |    20 |   103 ||   123
Dodge: Dodged            |    53 |    51 |   225 |   132 ||   461
       Deflected         |       |       |     9 |     5 ||    14
